 Dungeon Sprint DCSS version 0.22.1-2-g9c5b331 (webtiles) character file.

64 diana the Sneak (level 3, -1/46 HPs)
             Began as a Demigod Assassin on Dec 24, 2018.
             Slain by a water elemental (8 damage)
             ... in the Dungeon (Sprint III: "The Ten Rune Challenge").
             The game lasted 00:01:42 (429 turns).

diana the Sneak (Demigod Assassin)                   Turns: 429, Time: 00:01:43

Health: -1/46      AC:  3    Str: 19    XL:     3   Next: 64%
Magic:  5/5        EV: 14    Int: 15    God:
Gold:   17         SH:  0    Dex: 21    Spells: 2/2 levels left

rFire    . . .     SeeInvis .   a - +2 dagger
rCold    . . .     Gourm    .   (no shield)
rNeg     . . .     Faith    .   c - +0 robe
rPois    .         Spirit   .   (no helmet)
rElec    .         Reflect  .   d - +0 cloak
rCorr    .         Harm     .   (no gloves)
MR       .....     NoTele   +   (no boots)
Stlth    ..........             (no amulet)
HPRegen  0.15/turn              (no ring)
MPRegen  0.09/turn              (no ring)

@: berserking, engulfed (cannot breathe), very quick
A: thin skeletal structure 1, high mp 1, mutation resistance 1
a: no special abilities


You were in the Dungeon.
You were not hungry.

You visited 1 branch You collected 17 gold pieces.

Inventory:

Hand Weapons
 a - a +2 dagger (weapon)
 b - a +0 blowgun
Missiles
 e - 8 poisoned needles
 t - a curare-tipped needle
Armour
 c - a +0 robe (worn)
 d - a +0 cloak (worn)
Scrolls
 m - a scroll of blinking
 o - a scroll of torment {unknown}
 p - 3 scrolls of identify
 q - 3 scrolls of remove curse
 s - a scroll of immolation {unknown}
Potions
 h - 2 potions of curing
 i - a potion of heal wounds
 j - a potion of haste
 k - 2 potions of magic
 n - 2 potions of mutation
 r - 4 potions of flight
Comestibles
 f - 3 chunks of flesh
 g - 3 rations


   Skills:
 + Level 3.5 Fighting
 + Level 3.5 Short Blades
 - Level 1.7 Throwing
 + Level 3.0 Dodging
 * Level 6.0 Stealth


You had 2 spell levels left.
You didn't know any spells.
Your spell library was empty.

Dungeon Overview and Level Annotations

Branches:
Dungeon (1/1)


Innate Abilities, Weirdness & Mutations

You have an increased reservoir of magic. (+10% MP)
You have a somewhat thin skeletal structure. (Dex +2, Stealth)
You are somewhat resistant to further mutation.


Message History

A red film seems to cover your vision as you go berserk!
You feel yourself moving faster!
You feel mighty! The water elemental hits you!
You hit the water elemental.
The water elemental is lightly damaged.
You barely miss the water elemental.
The water elemental is lightly damaged.
The water elemental misses you.
You puncture the water elemental!
The water elemental is moderately damaged.
You puncture the water elemental!
The water elemental is severely damaged.
The water elemental hits you!
* * * LOW HITPOINT WARNING * * *
The water elemental engulfs you in water!
You hit the water elemental.
The water elemental is almost destroyed.
* * * LOW HITPOINT WARNING * * *
Your lungs strain for air!
The water elemental hits you!
You die...

▓▓▓▓▓▓▓▓▓ ▓▓▓
.#..'...♣♣♣♣ ♣.#
.#..#......♣ ♣.#
'####.....♣♣ ♣.#
..†.#....≈.♣♣♣♣.###+#+###
....#...≈≈..♣♣..#........
....#..≈≈≈≈.♣...@E⌠......
###'#..≈≈≈≈≈≈♣♣.#...#####
....#.≈≈≈≈≈≈....#.⌠.#
....#.≈≈≈≈≈.....#...#
...)#.≈≈≈.......#+###
#####...........#
................#
▓▓▓▓▓▓▓▓▓▓▓▓▓▓▓▓▓


You could see a water elemental.

Vanquished Creatures
  Jessica (D)
  A human (D)
  A wolf (D)
  An ooze (D)
  2 rats (D)
6 creatures vanquished.

Vanquished Creatures (others)
  2 draconian scorchers (D)
  6 hellions (D)
  A yaktaur (D)
  A plant (D)
10 creatures vanquished.

Grand Total: 16 creatures vanquished

Notes
Turn   | Place    | Note
-------+----------+-------------------------------------------
     0 | D        | diana the Demigod Assassin began the quest for the Orb.
     0 | D        | Reached XP level 1. HP: 17/17 MP: 3/3
     7 | D        | Reached skill level 1 in Dodging
     7 | D        | Reached skill level 4 in Stealth
    64 | D        | Noticed Jessica
    72 | D        | Killed Jessica
    72 | D        | Reached skill level 5 in Stealth
    72 | D        | Reached XP level 2. HP: 22/26 MP: 4/4
    73 | D        | Killed a hellion
    99 | D        | Killed a yaktaur
    99 | D        | Killed a hellion
    99 | D        | Killed a hellion
    99 | D        | Killed a hellion
   101 | D        | Killed a hellion
   135 | D        | Reached XP level 3. HP: 31/31 MP: 5/5
   138 | D        | Killed a hellion
   147 | D        | Gained mutation: Your spells are a little easier to cast,
                  | but a little less powerful. [potion of mutation]
   147 | D        | Gained mutation: You occasionally shout uncontrollably at
                  | your foes. [potion of mutation]
   147 | D        | Gained mutation: You are weak. (Str -2) [potion of
                  | mutation]
   147 | D        | Gained mutation: You have a pair of small horns on your
                  | head. [potion of mutation]
   148 | D        | Lost mutation: You are weak. (Str -2) [potion of mutation]
   148 | D        | Lost mutation: You have a pair of small horns on your head.
                  | [potion of mutation]
   148 | D        | Lost mutation: You occasionally shout uncontrollably at
                  | your foes. [potion of mutation]
   148 | D        | Lost mutation: Your spells are a little easier to cast, but
                  | a little less powerful. [potion of mutation]
   148 | D        | Gained mutation: You have a somewhat thin skeletal
                  | structure. (Dex +2, Stealth) [potion of mutation]
   148 | D        | Gained mutation: You are somewhat resistant to further
                  | mutation. [potion of mutation]
   168 | D        | Killed a white draconian scorcher
   209 | D        | Reached skill level 6 in Stealth
   235 | D        | Killed a white draconian scorcher
   419 | D        | Noticed a water elemental
   429 | D        | Slain by a water elemental

Skill      XL: |  1  2  3 |
---------------+----------+-----
Fighting       | 3 |  3.5
Short Blades   | 3 |  3.5
Dodging        | 2 3 |  3.0
Stealth        | 5 6 |  6.0
Throwing       | |  1.7

Action                   || total
-------------------------++-------
Melee: Dagger            ||    37
 Fire: Blowgun           ||     6
  Use: Potion            ||     3
 Stab: Sleeping          ||     2
Armor: Robe              ||     2
Dodge: Dodged            ||    17
